 Dungeon Crawl Stone Soup version 0.17-a0-1945-gfe993df (webtiles) character file.

158 Lysie the Sneak (level 5, -11/25 HPs)
             Began as a Spriggan Assassin on Oct 1, 2015.
             Mangled by dickyta's ghost (14 damage)
             ... in a sewer.
             The game lasted 00:05:23 (1920 turns).

Lysie the Sneak (Spriggan Assassin)                 Turns: 1920, Time: 00:05:27

Health: -11/25     AC:  3    Str:  8    XL:     5   Next: 16%
Magic:  6/6        EV: 21    Int: 12    God:
Gold:   142        SH:  0    Dex: 18    Spells: 0 memorised, 4 levels left

rFire  . . .     SeeInvis +     r - +1 short sword (venom)
rCold  . . .     Clarity  .     c - +0 robe
rNeg   . . .     SustAt   .     (shield restricted)
rPois  +         Gourm    .     (helmet restricted)
rElec  .         Spirit   .     d - +0 cloak
rCorr  .         Warding  .     (gloves unavailable)
rMut   .         Stasis   .     (boots unavailable)
MR     .....                    (no amulet)
Stlth  ++........               (no ring)
                                h - ring of poison resistance

@: lethally poisoned (-11 -> -12), very quick, not resistant to hostile
enchantments, unstealthy
A: unfitting armour, see invisible, herbivore 3, speed 3, slow metabolism 2
a: no special abilities


You were in a sewer.
You were not hungry.

You visited 1 branch of the dungeon, and saw 3 of its levels.
You also visited: Sewer.

You collected 142 gold pieces.

Inventory:

Hand weapons
 a - a +2 dagger
 b - a +0 blowgun
 o - a +0 dagger of pain
 r - a +1 short sword of venom (weapon)
Missiles
 e - 34 poisoned needles
 f - 2 curare-tipped needles
 k - a throwing net (quivered)
Armour
 c - a +0 robe (worn)
 d - a +0 cloak (worn)
Jewellery
 h - a ring of poison resistance (left hand)
Scrolls
 i - a scroll of enchant armour {unknown}
 j - 2 scrolls of identify
 u - 3 scrolls of remove curse {unknown}
 w - a scroll of immolation {unknown}
 x - a scroll of blinking {unknown}
Potions
 m - 3 potions of might {unknown}
 n - a potion of curing {unknown}
 p - a potion of agility {unknown}
 s - a potion of ambrosia {unknown}
 t - 3 potions of degeneration {unknown}
 v - a potion of heal wounds {unknown}
 z - 2 potions of haste {unknown}
Books
 y - a book of Debilitation

   Spells                             Type                      Level
   a - Corona                         Hexes                        1
   b - Slow                           Hexes                        2
   c - Gell's Gravitas                Hexes/Translocation          3
   d - Inner Flame                    Hexes/Fire                   3
   e - Cause Fear                     Hexes                        4
   f - Leda's Liquefaction            Hexes/Earth                  4
Comestibles
 g - 2 bread rations
 l - 3 fruits


   Skills:
 - Level 1.5 Fighting
 * Level 4.5 Short Blades
 - Level 2.1 Throwing
 * Level 5.1 Dodging
 - Level 5.8 Stealth


You had 4 spell levels left.
You didn't know any spells.

Dungeon Overview and Level Annotations

Branches:
Dungeon (3/15)

Altars:

Annotations:
Sewer dickyta's ghost, average OgBe


Innate Abilities, Weirdness & Mutations

You are tiny and cannot use many weapons and most armour.
You have supernaturally acute eyesight.
You are a herbivore.
You cover ground extremely quickly.
You need consume almost no food.


Message History

Read which item? (? for menu, Esc to quit)
As you read the scroll of teleportation, it crumbles to dust.
You feel strangely unstable.
You feel sick.
You kill the adder!
Your Dodging skill increases to level 5!
The giant newt closely misses you. The adder barely misses you.
You open the door. 5 kobolds come into view.
The adder bites you.
* * * LOW HITPOINT WARNING * * *
The giant newt closely misses you.
Found five items.
Your surroundings suddenly seem different.
Splash!
You fall into the shallow water.
Moving in this stuff is going to be slow.
Dickyta's ghost hits you!
Ouch! That really hurt!
You die...

##.......##...†.........
#.......................
.........................
................S.≈..≈≈≈.
≈≈.≈r≈.........r≈≈.≈≈≈≈≈≈
≈≈≈≈≈.≈......≈≈.≈≈≈≈≈≈≈≈≈
≈≈≈≈≈≈≈......≈≈≈≈≈≈≈≈≈≈≈≈
≈≈≈≈≈≈≈r≈≈≈≈≈≈≈≈≈≈≈≈≈≈≈≈≈
≈≈≈≈≈rr≈@W≈≈≈≈≈≈≈≈≈≈≈≈≈≈≈
≈≈≈.≈.≈.≈...≈≈≈≈≈≈≈≈≈≈≈≈
.≈..............≈.≈≈≈≈≈≈
...........##....≈≈##≈≈≈
##.....r..####......##≈≈
##.......##............
..........r..........S
....####...rr###....†.S
#.. ##.....l


You could see dickyta's ghost, a river rat, a ball python and 5 rats.

Vanquished Creatures
  3 gnolls (D:3)
  6 adders
  An ooze (D:1)
  3 worms
  5 giant geckos (D:3)
  A ball python (D:1)
  2 bats
  5 giant cockroaches
  4 hobgoblins
  5 jackals (D:2)
  4 giant newts
  6 goblins
  6 kobolds
  14 rats
65 creatures vanquished.

Notes
Turn   | Place    | Note
--------------------------------------------------------------
     0 | D:1      | Lysie the Spriggan Assassin began the quest for the Orb.
     0 | D:1      | Reached XP level 1. HP: 10/10 MP: 2/2
   239 | D:1      | Reached XP level 2. HP: 12/14 MP: 3/3
   761 | D:2      | Reached XP level 3. HP: 18/18 MP: 4/4
  1004 | D:2      | Reached XP level 4. HP: 20/22 MP: 5/5
  1273 | D:3      | Found a faded altar to an unknown god.
  1761 | D:3      | Found a glowing drain.
  1829 | D:3      | Reached XP level 5. HP: 20/25 MP: 6/6
  1880 | Sewer    | Entered a sewer
  1892 | Sewer    | Noticed dickyta's ghost (average OgBe)
  1915 | Sewer    | Reached skill level 5 in Dodging
  1920 | Sewer    | Mangled by dickyta's ghost

Vault maps used:
D:1:      onia_arrival_larder
D:2:      minmay_door_path
D:3:      ecumenical_altar_2, gup_sewer_entry_pipe, minmay_misc_feat_pillars
Sewer:    sewer_minmay_treatment

Action                   |  1- 3 |  4- 6 || total
-------------------------+-------+-------++-------
Melee: Dagger            |    31 |       ||    31
       Short sword       |    15 |    91 ||   106
  Use: Scroll            |     2 |     2 ||     4
 Stab: Sleeping          |    21 |    11 ||    32
